 Dungeon Crawl Stone Soup version 0.28-a0-1435-g82390b3a13 (webtiles) character file.

Game seed: 15161231577567806005

11314 Delamore the Slicer (level 11, 0/71 HPs)
             Began as an Octopode Brigand on Jan 9, 2022.
             Was an Initiate of Gozag.
             Slain by a komodo dragon (33 damage)
             ... on level 1 of the Lair of Beasts.
             The game lasted 00:34:58 (14700 turns).

Delamore the Slicer (Octopode Brigand)             Turns: 14700, Time: 00:34:59

Health: 0/71       AC:  1    Str: 11    XL:     11   Next: 75%
Magic:  11/11      EV: 12    Int: 13    God:    Gozag
Gold:   307        SH:  4    Dex: 18    Spells: 10/10 levels left

rFire   . . .      SeeInvis .   a - +2 dagger
rCold   + . .      Faith    .   p - +0 buckler
rNeg    + + .      Spirit   .   x - +0 hat "Huleoh" {Regen+}
rPois   .          Reflect  .   k - amulet of the acrobat
rElec   .          Harm     .   l - ring of positive energy
rCorr   .          Rampage  .   r - ring of positive energy
Will    .....                   H - ring of ice
Stlth   +++++++...              m - ring of protection from fire
HPRegen 1.01/turn               (no ring)
MPRegen 0.12/turn               (no ring)
                                (no ring)
                                (no ring)

@: no status effects
A: almost no armour, amphibious, 8 rings, camouflage 1, gelatinous body 1,
(nimble swimmer 1), tentacles
a: Renounce Religion, Potion Petition, Call Merchant, Bribe Branch


You were on level 1 of the Lair of Beasts.
You worshipped Gozag.
Gozag was aware of your devotion.
You visited 2 branches of the dungeon, and saw 12 of its levels.
You also visited: Ossuary.

You collected 2081 gold pieces.
You spent 660 gold pieces at shops.
You paid 1114 gold pieces to Gozag.

Inventory:

Hand Weapons
 a - a +2 dagger (weapon)
 t - a +1 short sword of holy wrath
 y - a +0 rapier
Missiles
 b - 42 poisoned darts (quivered)
 c - a curare-tipped dart
 A - 4 javelins
Armour
 p - a +0 buckler (worn)
 x - the +0 hat "Huleoh" (worn) {Regen+}
   (You acquired it on level 5 of the Dungeon)

   Regen:     It increases your rate of health regeneration.
Jewellery
 i - an amulet of guardian spirit
 k - an amulet of the acrobat (around mantle)
 l - a ring of positive energy (left tentacle)
 m - a ring of protection from fire (on tentacle)
 r - a ring of positive energy (right tentacle)
 H - a ring of ice (on tentacle)
Wands
 G - a wand of digging (5)
 I - a wand of charming (2)
 K - a wand of acid (1)
 L - a wand of iceblast (3)
Scrolls
 h - 3 scrolls of enchant weapon
 q - 4 scrolls of teleportation
 u - a scroll of fear
 v - a scroll of magic mapping
 w - a scroll of enchant armour
 B - a scroll of identify
 C - a scroll of blinking
 F - a scroll of silence
 J - a scroll of fog
Potions
 d - a potion of berserk rage {unknown}
 e - 2 potions of heal wounds
 f - 2 potions of mutation {unknown}
 g - 5 potions of attraction
 j - 3 potions of brilliance
 n - 2 potions of resistance
 o - 2 potions of cancellation {unknown}
 s - a potion of flight {unknown}
 z - 2 potions of magic {unknown}
 D - 2 potions of ambrosia {unknown}
 E - a potion of haste {unknown}


   Skills:
 - Level 5.0 Fighting
 - Level 14.0 Short Blades
 - Level 4.2 Throwing
 - Level 1.0 Dodging
 + Level 14.0 Stealth
 - Level 5.0 Evocations


You had 10 spell levels left.
You didn't know any spells.
Your spell library contained the following spells:

 Spells                   Type           Power      Damage    Failure   Level
 Static Discharge         Conj/Air       0%         N/A       54%         2
 Dispel Undead            Necr           0%         3d6       99%         4
 Sticky Flame             Conj/Fire      0%         2d3       99%         4
 Blade Hands              Tmut           0%         N/A       100%        5
 Irradiate                Conj/Tmut      0%         3d14      100%        5
 Dragon Form              Tmut           0%         N/A       100%        7


Dungeon Overview and Level Annotations

Branches:
Dungeon (11/15)            Temple (0/1) D:7            Lair (1/6) D:9
    Orc (0/2) D:9         Ossuary (visited)

Altars:
Dithmenos
Fedhas
Gozag
Hepliaklqana
Qazlal
Sif Muna
Wu Jian
Xom
The Shining One

Shops:
D:7 *   D:10 *

Annotations:
D:4 3 runed translucent doors, Wizop's ghost, amateur NaFi
D:6 3 runed translucent doors, fly's ghost, novice DgDe
D:8 2 transporters, anet's ghost, novice DECj


Innate Abilities, Weirdness & Mutations

You cannot wear most types of armour.
You are amphibious.
You can wear up to eight rings at the same time.
Your skin changes colour to match your surroundings (Stealth+).
Your rubbery body absorbs attacks. (AC +1, EV +1)
((You are camouflaged when in or above water. (Stealth+)))
You have tentacles for arms and can constrict up to eight enemies at once.


Message History

You throw a poisoned dart.
The poisoned dart hits the komodo dragon!
The komodo dragon looks even sicker.
The komodo dragon is lightly wounded.
You throw a poisoned dart.
The poisoned dart hits the komodo dragon.
The komodo dragon looks even sicker.
The komodo dragon is lightly wounded.
You throw a poisoned dart.
The poisoned dart closely misses the komodo dragon.
You see here a poisoned dart.
You hit the komodo dragon. Your squeeze misses the komodo dragon.
The komodo dragon is moderately wounded.
You hit the komodo dragon.
The komodo dragon is moderately wounded.
The komodo dragon barely misses you.
You hit the komodo dragon.
You squeeze the komodo dragon, but do no damage.
The komodo dragon is heavily wounded.
The komodo dragon bites you!
You hit the komodo dragon but do no damage.
You squeeze the komodo dragon.
The komodo dragon is heavily wounded.
You hit the komodo dragon.
The komodo dragon is heavily wounded.
The komodo dragon closely misses you.
You hit the komodo dragon but do no damage.
You squeeze the komodo dragon.
The komodo dragon is heavily wounded.
You hit the komodo dragon.
The komodo dragon is severely wounded.
The komodo dragon bites you!!
You hit the komodo dragon but do no damage.
You squeeze the komodo dragon.
The komodo dragon is severely wounded.
You hit the komodo dragon.
The komodo dragon is almost dead.
The komodo dragon bites you!!
You die...
Your body crumbles into a pile of gold.

........## ###≈≈≈.####
.........###### #### #≈≈≈≈≈.....
..............# ##..# #...# #...
..............# #...## #..# ##...
.......$####..###P...# #..###....
........# #...##...# #...(.....
.......$# #..###...# #..(......
........####.....(.(####..####...
........#......$@l..##....# #...
.#####..$..$..###....(....# #...
..# #........# #...).....## #...
.## #..####..# #...###....# #..#
.# #..# ##..####..# #...## #...
.#####..###...#.#...###...(###.
...................$(.......(...
............................((..
##P#######.############.########


You could see a komodo dragon (poisoned).

Vanquished Creatures
  A hydra (D:10)
  2 two-headed ogres (D:10)
  A cane toad (D:9)
  A komodo dragon (D:9)
  A rime drake (Lair:1)
  2 trolls
  4 blink frogs (Lair:1)
  A wyvern (D:9)
  A wraith (D:10)
  19 yaks
  A basilisk (Lair:1)
  2 wargs (D:9)
  4 water moccasins
  3 orc warriors
  3 ogres
  2 black bears
  A necrophage (D:8)
  A centaur (D:8)
  A phantom (D:4)
  Blork the orc (D:6)
  3 kobold brigands
  2 elf zombies (Ossuary)
  2 bullfrogs
  A gnoll sergeant (D:6)
  2 scorpions (D:6)
  A water moccasin zombie (D:6)
  12 wights
  6 killer bees
  2 jellies
  2 bullfrog zombies
  3 hounds
  A human zombie (Ossuary)
  3 centaur zombies
  5 orc priests
  A centaur skeleton (D:5)
  A gnoll shaman (D:9)
  4 iguanas
  9 orc wizards
  A hound skeleton (D:5)
  2 mummies (Ossuary)
  2 howler monkey zombies (D:9)
  12 gnolls
  8 adders
  A shadow imp (D:6)
  A white imp (D:7)
  2 ufetubi
  4 adder zombies (Ossuary)
  5 dart slugs
  31 orcs
  12 ball pythons
  6 endoplasms
  2 giant cockroaches
  6 goblins
  8 hobgoblins
  3 jackals (D:4)
  6 quokkas
  2 bats (D:2)
  11 frilled lizards
  A goblin zombie (D:4)
  9 hobgoblin zombies (Ossuary)
  2 jackal zombies (Ossuary)
  16 kobolds
  9 kobold zombies (Ossuary)
  8 orc zombies (Ossuary)
  A quokka zombie (D:4)
  6 rats
289 creatures vanquished.

Vanquished Creatures (others)
  A yak (Lair:1)
  3 fungi (Lair:1)
  2 plants (Lair:1)
6 creatures vanquished.

Grand Total: 295 creatures vanquished

Notes
Turn   | Place    | Note
-------+----------+-------------------------------------------
     0 | D:1      | Delamore the Octopode Brigand began the quest for the Orb.
     0 | D:1      | Reached XP level 1. HP: 14/14 MP: 1/1
   427 | D:1      | Reached XP level 2. HP: 19/19 MP: 2/2
   696 | D:1      | Reached XP level 3. HP: 24/24 MP: 3/3
  1397 | D:2      | Reached XP level 4. HP: 26/29 MP: 2/4
  1605 | D:2      | Found an opulent altar of Gozag.
  1650 | D:2      | Became a worshipper of Gozag Ym Sagoz the Greedy
  1890 | D:2      | Reached XP level 5. HP: 34/34 MP: 5/5
  1954 | D:2      | Found a faded altar of an unknown god.
  2280 | D:3      | You fall into a shaft and drop 1 floor!
  2315 | D:4      | Noticed a phantom
  2548 | D:4      | Reached skill level 5 in Short Blades
  2578 | D:4      | Noticed an ogre
  2584 | D:4      | Killed an ogre
  2585 | D:4      | Reached XP level 6. HP: 4/39 MP: 6/6
  2601 | D:4      | Found a sand-covered staircase.
  2698 | Ossuary  | Entered an ossuary
  3156 | Ossuary  | Reached XP level 7. HP: 29/45 MP: 7/7
  3770 | D:4      | Noticed Wizop's ghost (amateur NaFi)
  4487 | D:4      | Found a runed translucent gate.
  4487 | D:4      | Found a runed translucent gate.
  4487 | D:4      | Found a runed translucent gate.
  5187 | D:5      | Entered Level 5 of the Dungeon
  5740 | D:5      | Reached XP level 8. HP: 50/50 MP: 8/8
  6741 | D:5      | Identified a scroll of acquirement
  6741 | D:5      | Acquired the +0 hat "Huleoh" {Regen+}
  6969 | D:6      | Found a runed translucent gate.
  6970 | D:6      | Found a runed translucent gate.
  6970 | D:6      | Found a runed translucent gate.
  6970 | D:6      | Noticed fly's ghost (novice DgDe)
  7202 | D:6      | Reached XP level 9. HP: 41/54 MP: 9/9
  7225 | D:6      | Reached skill level 10 in Short Blades
  7371 | D:6      | Noticed Blork the orc
  7385 | D:6      | Killed Blork the orc
  8061 | D:7      | Found a blossoming altar of Fedhas.
  8107 | D:7      | Found a staircase to the Ecumenical Temple.
  8341 | D:7      | Found a shimmering blue altar of Sif Muna.
  8727 | D:7      | Bought a jewelled silver wand for 120 gold pieces
  8731 | D:8      | Found a stormy altar of Qazlal.
  8731 | D:8      | Found a hazy altar of Hepliaklqana.
  8732 | D:8      | Found a shadowy altar of Dithmenos.
  8808 | D:8      | Noticed anet's ghost (novice DECj)
  8809 | D:8      | Found a transporter.
  8810 | D:8      | Identified the +9 dire flail of Faufazyo {antimagic, rElec
                  | rF+ Will-}
  8896 | D:8      | Found a transporter.
  9104 | D:8      | Reached skill level 10 in Stealth
  9531 | D:8      | Found a glowing golden altar of the Shining One.
  9899 | D:9      | Found an ornate altar of the Wu Jian Council.
  9906 | D:9      | Found a shimmering altar of Xom.
  9919 | D:9      | Reached XP level 10. HP: 37/60 MP: 10/10
  9946 | D:9      | Found a staircase to the Lair.
 11057 | D:9      | Found a staircase to the Orcish Mines.
 11503 | D:9      | Reached skill level 1 in Evocations
 11580 | Lair:1   | Entered Level 1 of the Lair of Beasts
 11592 | Lair:1   | Noticed a cane toad
 11836 | D:10     | Entered Level 10 of the Dungeon
 12008 | D:10     | Noticed a seven-headed hydra
 12133 | D:10     | Bought a potion of heal wounds for 150 gold pieces
 12133 | D:10     | Bought 2 potions of heal wounds for 300 gold pieces
 12305 | D:10     | Noticed a two-headed ogre
 12329 | D:10     | Killed a two-headed ogre
 12330 | D:10     | Reached XP level 11. HP: 70/70 MP: 11/11
 12428 | D:10     | Killed a seven-headed hydra
 13115 | D:7      | Bought a scroll labelled OCYVVUMUFF for 30 gold pieces
 13115 | D:7      | Bought a scroll of identify for 60 gold pieces
 13171 | D:11     | Noticed a two-headed ogre
 13221 | D:10     | Killed a two-headed ogre
 13222 | D:10     | Reached skill level 5 in Fighting
 13222 | D:10     | Reached skill level 5 in Evocations
 13456 | D:11     | Noticed a boulder beetle
 14700 | Lair:1   | Slain by a komodo dragon

Illustrated notes

Levels and vault maps discovered:
D:1:      minmay_arrival_checkered_box, layout_loops_corners
D:2:      minmay_door_path, layout_rooms, basic_altar,
          hellmonk_ecumenical_altar_run_dry
D:3:      layout_loops_cross
D:4:      layout_gridville, gammafunk_ghost_split, enter_ossuary_4,
          roderic_serpentine_path
D:5:      layout_basic, nicolae_concentric_dashed_squares_mild
D:6:      layout_loops_ring, ebering_ghost_rock_garden, uniq_blork_the_orc
D:7:      layout_rooms, fedhas_altar_2, tgw_sif, lemuel_temple_firewalk_a
D:8:      layout_basic, chequers_temple_overflow_statue_of_worship,
          marbit_many_paths, gammafunk_ghost_smash
D:9:      layout_basic, mainiacjoe_overflow_catwalk_spiral, lair_entry_dummy,
          erik_orc_4, grunt_decor_one_mirror
D:10:     layout_irregular_city, minmay_misc_feat_cross
D:11:     layout_roguey, ebering_ghost_rock_garden, serial_corexii_hall,
          corexii_hall_statues_x, chequers_hall_statues_wall_a
Lair:1:   lemuel_reptile_caves, layout_small_grid, serial_bayou_shore_b

Skill      XL: |  1  2  3  4  5  6  7  8  9 10 11 |
---------------+----------------------------------+-----
Short Blades   | 3 4 5 6 8 9 12 13 14 | 14.0
Throwing       | 3 4 |  4.2
Stealth        | 8 10 14 | 14.0
Evocations     | 3 5 |  5.0
Fighting       | 4 5 |  5.0
Dodging        | |  1.0

Action                   |  1- 3 |  4- 6 |  7- 9 | 10-12 || total
-------------------------+-------+-------+-------+-------++-------
Melee: Dagger            |    54 |   160 |   347 |   381 ||   942
       Constrict         |    10 |    42 |    62 |    39 ||   153
       Tentacles         |     7 |    47 |    92 |   132 ||   278
       Punch             |       |     2 |     9 |     6 ||    17
Throw: Dart              |     2 |    10 |    30 |   185 ||   227
       Javelin           |       |       |    14 |     4 ||    18
       Throwing net      |       |       |       |     1 ||     1
Invok: Call Merchant     |       |       |     1 |     1 ||     2
Evoke: Wand              |       |     6 |       |    15 ||    21
  Use: Scroll            |       |     5 |     5 |     6 ||    16
       Potion            |       |     5 |     2 |     5 ||    12
 Stab: Sleeping          |    19 |    13 |    24 |     1 ||    57
       Paralysed         |       |     1 |       |     4 ||     5
       Distracted        |       |     1 |     3 |     4 ||     8
Armor: Skin              |     3 |     9 |     5 |    10 ||    27
Dodge: Dodged            |    17 |    77 |   109 |   134 ||   337
Block: Buckler           |       |       |    25 |    42 ||    67

Table legend: (Time is in decaauts)
 A = Elapsed time spent in this place.
 B = Non-inter-level travel time spent in this place.
 C = Inter-level travel time spent in this place.
 D = Time resting spent in this place.
 E = Time spent auto-exploring this place.
 F = Levels seen in this place.
 G = Mean time per level.
                   A        B        C        D        E       F      G
               +--------+--------+--------+--------+--------+-----+--------+
         Total |  14365 |  13551 |    814 |   1527 |   8376 |  13 | 1105.0 |
       Dungeon |  12613 |  11799 |    814 |   1140 |   7822 |  11 | 1146.6 |
          Lair |    778 |    778 |      0 |     52 |    337 |   1 |  778.0 |
       Ossuary |    973 |    973 |      0 |    334 |    217 |   1 |  973.0 |
               +--------+--------+--------+--------+--------+-----+--------+

Top non-repeatable levels by time:
     D:9: 1903 daAuts
     D:8: 1457 daAuts
     D:5: 1450 daAuts
     D:1: 1360 daAuts
    D:10: 1346 daAuts
     D:4: 1344 daAuts
     D:6: 1116 daAuts
 Ossuary: 973 daAuts
     D:7: 835 daAuts
  Lair:1: 778 daAuts
     D:3: 778 daAuts
     D:2: 758 daAuts
    D:11: 262 daAuts
